 Dungeon Crawl Stone Soup version 0.32-a0-599-gba8f9cf90e (webtiles) character file.

Game seed: 9974463888869472499

1736 NormalPerson7 the Slasher (level 9, -4/69 HPs)
             Began as a Gnoll Reaver on Mar 3, 2024.
             Was an Initiate of Yredelemnul.
             Slain by Maggie the naga
             ... wielding a +1 broad axe of flaming
              (11 damage)
             ... on level 6 of the Dungeon.
             The game lasted 00:29:59 (6822 turns).

NormalPerson7 the Slasher (Gnoll Reaver)            Turns: 6822, Time: 00:30:00

Health: -4/69      AC: 11    Str: 12    XL:     9   Next: 5%
Magic:  11/18      EV:  2    Int: 17    God:    Yredelemnul [......]
Gold:   329        SH:  0    Dex: 10    Spells: 14/20 levels left

rFire   . . .        a - +0 falchion
rCold   . . .        (no shield)
rNeg    . . .        s - +0 ring mail
rPois   .            D - +0 helmet
rElec   .            (no cloak)
rCorr   .            k - +2 pair of gloves
SInv    .            y - +0 pair of boots
Will    .....        (no amulet)
Stlth   ++           (no ring)
HPRegen 0.31/turn    (no ring)
MPRegen 0.16/turn

%: no passive effects
@: lethally poisoned (-4 -> -6), wreathed by umbra, constricted
A: fangs 1, strong nose, distributed training
a: Renounce Religion, Light the Black Torch, Recall Undead Harvest


You were on level 6 of the Dungeon.
You worshipped Yredelemnul.
Yredelemnul was noncommittal.
You visited 2 branches of the dungeon, and saw 7 of its levels.
You also visited: Sewer.

You collected 329 gold pieces.

Inventory:

Hand Weapons
 a - a +0 falchion (weapon)
Missiles
 d - 11 poisoned darts
 e - 59 stones
 n - 10 boomerangs (quivered)
 J - a throwing net {!f}
Armour
 b - a +0 leather armour
 j - a +0 tower shield
 k - a +2 pair of gloves (worn)
 o - a +0 scale mail
 s - a +0 ring mail (worn)
 y - a +0 pair of boots (worn)
 D - a +0 helmet (worn)
Magical Staves
 g - a staff of fire
 A - a staff of death
Wands
 G - a wand of quicksilver (8)
 H - a wand of polymorph (4)
Scrolls
 h - a scroll of fear {unknown}
 i - a scroll of amnesia {unknown}
 p - 2 scrolls of summoning {unknown}
 q - 2 scrolls of teleportation {unknown}
 r - a scroll of vulnerability {unknown}
 C - a scroll of blinking {unknown}
 F - a scroll of noise {unknown}
 L - a scroll of enchant weapon {unknown}
Potions
 c - 3 potions of curing
 f - 4 potions of haste
 l - 2 potions of cancellation
 m - 4 potions of mutation
 t - a potion of ambrosia {unknown}
 u - 2 potions of invisibility {unknown}
 v - a potion of attraction {unknown}
 w - a potion of resistance {unknown}
 x - 2 potions of brilliance
 z - 2 potions of degeneration {unknown}
 B - 2 potions of might {unknown}
 E - a potion of heal wounds {unknown}
 I - a potion of lignification {unknown}
 K - a potion of magic {unknown}


   Skills:
 + Level 6.1 Fighting
 + Level 4.0 Short Blades
 + Level 7.7 Long Blades
 + Level 4.0 Axes
 + Level 4.0 Maces & Flails
 + Level 4.0 Polearms
 + Level 4.0 Staves
 + Level 4.0 Ranged Weapons
 + Level 4.0 Throwing
 + Level 4.0 Armour
 + Level 6.1 Dodging
 + Level 4.0 Stealth
 + Level 4.0 Shields
 + Level 4.0 Unarmed Combat
 + Level 6.4 Spellcasting
 + Level 6.4 Conjurations
 + Level 3.2 Hexes
 + Level 3.2 Summonings
 + Level 3.2 Necromancy
 + Level 3.2 Translocations
 + Level 3.2 Fire Magic
 + Level 3.2 Ice Magic
 + Level 3.2 Air Magic
 + Level 3.2 Earth Magic
 + Level 3.2 Alchemy
 + Level 4.4 Invocations
 + Level 4.0 Evocations
 + Level 3.6 Shapeshifting


You had 14 spell levels left.
You knew the following spells:

 Your Spells              Type           Power      Damage    Failure   Level
a - Kiss of Death         Conj/Necr      88%        2d12      3%          1
h - Hailstorm             Conj/Ice       22%        3d7       11%         3
s - Momentum Strike       Conj/Tloc      44%        3d9       5%          2

Your spell library contained the following spells:

 Spells                   Type           Power      Damage    Failure   Level
 Volatile Blastmotes      Fire/Tloc      32%        2d12      21%         3
 Brom's Barrelling Bould  Conj/Erth      22%        2d4       34%         4
 Fulminant Prism          Conj/Alch      11%        3d9       34%         4
 Iskenderun's Mystic Bla  Conj/Tloc      22%        2d6       34%         4
 Iskenderun's Battlesphe  Conj           27%        2d8       45%         5
 Fireball                 Conj/Fire      11%        3d7       69%         5
 Conjure Ball Lightning   Conj/Air       11%        3x3d6     99%         6
 Orb of Destruction       Conj           13%        9d7       100%        7


Dungeon Overview and Level Annotations

Branches:
Dungeon (6/15)             Temple (1/1) D:5           Sewer (visited)

Altars:
Cheibriados
Dithmenos
Elyvilon
Fedhas
Gozag
Kikubaaqudgha
Makhleb
Nemelex Xobeh
Okawaru
Qazlal
Ru
Sif Muna
Trog
Uskayaw
Vehumet
Xom
Yredelemnul
Zin

Annotations:
D:3 1 exclusion
D:6 Maggie


Innate Abilities, Weirdness & Mutations

You have very sharp teeth.
Your uncanny sense of smell can sniff out nearby items.
Your experience applies equally to all skills.


Message History

It bursts into flame!
a - a +0 falchion (weapon)
Maggie picks up +0 swamp dragon scales.
Maggie wears +0 swamp dragon scales.
You closely miss Maggie.
Maggie is severely wounded.
Maggie spits poison at you.
The splash of poison hits you but does no damage.
You are poisoned.
You hit Maggie. Your bite misses Maggie.
Maggie is almost dead.
You are no longer robbed of momentum.
You feel sick. Maggie closely misses you. Maggie grabs you.
Maggie constricts you!
You barely miss Maggie. Your bite misses Maggie.
Maggie is almost dead.
You feel sick.
Maggie hits you with a +1 broad axe of flaming!
Maggie burns you. Maggie constricts you.
You barely miss Maggie.
Maggie is almost dead.
You feel sick.
Maggie hits you with a +1 broad axe of flaming!!
* * * LOW HITPOINT WARNING * * *
Maggie burns you.
* * * LOW HITPOINT WARNING * * *
Maggie constricts you!
* * * LOW HITPOINT WARNING * * *
Press: ? - help, v - describe, . - travel
Here: Maggie the naga, wielding a +1 broad axe of flaming and wearing +0 swamp dragon scales (almost dead, constricting you, catching its breath, umbra)
The floor, spattered with blood.
Okay, then.
Unknown command.
Aiming: Quicksilver Bolt
Press: ? - help, Shift-Dir - straight line, f/p - Maggie
Aim: Maggie the naga, wielding a +1 broad axe of flaming and wearing +0 swamp dragon scales (almost dead, constricting you, catching its breath, umbra, 77% to hit)
The bolt of dispelling energy misses Maggie.
You feel sick.
Maggie hits you with a +1 broad axe of flaming!
You die...
Your body rises from the dead as a mindless zombie.

#..####.#...#~~~#~
.##.......#####~~~#~
#.......### ##~###
#.##.##.# #.# #.##.#
#####.###
#....####..>..... #
####......#######
##.#####.######
#...@....#
....?#N###### .##
... ##.# #. #. . .


You could see Maggie the naga (catching breath).

Vanquished Creatures
  Grinder (D:4)
  A water moccasin (D:5)
  An orc warrior (D:5)
  2 ogres
  A phantom (D:5)
  A brain worm (Sewer)
  2 scorpions
  A bombardier beetle (D:5)
  A howler monkey (D:3)
  2 hounds
  A jelly (D:4)
  3 orc priests
  2 iguanas
  3 orc wizards
  8 gnolls
  8 adders
  2 river rats (Sewer)
  24 orcs
  6 ball pythons
  6 bats
  5 endoplasms
  6 giant cockroaches
  7 goblins
  4 hobgoblins
  3 jackals
  7 quokkas
  7 frilled lizards
  5 kobolds
  An orc zombie (D:5)
  14 rats
135 creatures vanquished.

Vanquished Creatures (collateral kills)
  An acid dragon (D:5)
  A brain worm (Sewer)
  A howler monkey (D:5)
  A jelly (D:5)
  A gnoll (D:6)
  A river rat (Sewer)
  A frilled lizard (Sewer)
  2 rats (Sewer)
9 creatures vanquished.

Vanquished Creatures (others)
  A water moccasin zombie (D:5)
  An adder (D:3)
  An iguana zombie (D:5)
  A ribbon worm (D:3)
  A ball python (D:3)
  A gnoll zombie (D:6)
  A kobold (D:3)
  A river rat zombie (Sewer)
  A bombardier beetle zombie (D:5)
  A frilled lizard zombie (Sewer)
  A jackal zombie (D:5)
  6 orc zombies (D:5)
  A rat (D:3)
  3 rat zombies (Sewer)
21 creatures vanquished.

Grand Total: 165 creatures vanquished

Notes
Turn   | Place    | Note
-------+----------+-------------------------------------------
     0 | D:1      | NormalPerson7 the Gnoll Reaver began the quest for the Orb.
     0 | D:1      | Reached XP level 1. HP: 20/20 MP: 6/6
   237 | D:1      | Reached XP level 2. HP: 26/26 MP: 7/7
   412 | D:1      | Learned a level 2 spell: Momentum Strike
   639 | D:1      | You fall into a shaft and drop 1 floor!
   690 | D:2      | Reached skill level 5 in Spellcasting
   690 | D:2      | Reached XP level 3. HP: 31/31 MP: 7/9
   695 | D:2      | Learned a level 3 spell: Hailstorm
  1165 | D:2      | Reached skill level 1 in Invocations
  1334 | D:2      | Reached skill level 1 in Short Blades
  1334 | D:2      | Reached skill level 1 in Axes
  1334 | D:2      | Reached skill level 1 in Maces & Flails
  1334 | D:2      | Reached skill level 1 in Polearms
  1334 | D:2      | Reached skill level 1 in Staves
  1334 | D:2      | Reached skill level 1 in Ranged Weapons
  1334 | D:2      | Reached skill level 1 in Throwing
  1334 | D:2      | Reached skill level 1 in Armour
  1334 | D:2      | Reached skill level 1 in Stealth
  1334 | D:2      | Reached skill level 1 in Shields
  1334 | D:2      | Reached skill level 1 in Unarmed Combat
  1334 | D:2      | Reached skill level 1 in Evocations
  1773 | D:3      | Reached skill level 1 in Shapeshifting
  1773 | D:3      | Reached XP level 4. HP: 38/38 MP: 11/11
  1957 | D:2      | Reached skill level 1 in Hexes
  1957 | D:2      | Reached skill level 1 in Summonings
  1957 | D:2      | Reached skill level 1 in Necromancy
  1957 | D:2      | Reached skill level 1 in Translocations
  1957 | D:2      | Reached skill level 1 in Fire Magic
  1957 | D:2      | Reached skill level 1 in Ice Magic
  1957 | D:2      | Reached skill level 1 in Air Magic
  1957 | D:2      | Reached skill level 1 in Earth Magic
  1957 | D:2      | Reached skill level 1 in Alchemy
  2174 | D:3      | Reached XP level 5. HP: 37/43 MP: 8/12
  2592 | D:3      | Found a shimmering altar of Xom.
  2711 | D:3      | Found a faded altar of an unknown god.
  3063 | D:4      | Reached XP level 6. HP: 50/50 MP: 8/14
  3151 | D:4      | Reached skill level 5 in Fighting
  3151 | D:4      | Reached skill level 5 in Dodging
  3388 | D:4      | Found a sparkling altar of Nemelex Xobeh.
  3598 | D:4      | Reached skill level 7 in Long Blades
  3598 | D:4      | Reached XP level 7. HP: 56/56 MP: 6/15
  3800 | D:4      | Noticed Grinder
  3801 | D:4      | Paralysed by Grinder for 5 turns
  3819 | D:4      | Paralysed by Grinder for 2 turns
  3824 | D:4      | Killed Grinder
  4096 | D:5      | Entered Level 5 of the Dungeon
  4158 | D:5      | Found an ancient bone altar of Kikubaaqudgha.
  4261 | D:5      | Found a staircase to the Ecumenical Temple.
  4411 | D:5      | Reached XP level 8. HP: 52/63 MP: 5/16
  4539 | Temple   | Entered the Ecumenical Temple
  4562 | Temple   | Became a worshipper of Yredelemnul the Fallen
  5649 | D:5      | Found a shimmering blue altar of Sif Muna.
  6397 | D:6      | Found a glowing drain.
  6405 | Sewer    | Entered a sewer
  6576 | Sewer    | Reached XP level 9. HP: 65/69 MP: 8/18
  6810 | D:6      | Noticed Maggie
  6815 | D:6      | Maggie changed into Maggie the naga
  6815 | D:6      | Noticed Maggie
  6822 | D:6      | Slain by Maggie the naga

Illustrated notes

Levels and vault maps discovered:
D:1:      amcnicky_arrival_blooded_trapdoor, layout_loops_ring,
          hangedman_feature_mirror
D:2:      layout_loops_ring, serial_bayou_lake_a
D:3:      layout_basic, xom_confusion_cloud, basic_ecumenical_altar,
          minmay_fractal_squares_5
D:4:      layout_rooms, nemelex_diamond_rough_becter, uniq_grinder
D:5:      layout_loops_ring, lemuel_coloured_pillars_altar, led_sif_pool,
          temple_pool_b, kennysheep_big_empty_room
D:6:      layout_loops_cross, nzn_wu_jian_council_hall, gup_sewer_entry_bubbles,
          uniq_maggie
Temple:   dpeg_chambers_temple

Skill      XL: |  1  2  3  4  5  6  7  8  9 |
---------------+----------------------------+-----
Spellcasting   | 5 6 |  6.4
Invocations    | 1 2 3 4 |  4.4
Short Blades   | 1 2 3 4 |  4.0
Axes           | 1 2 3 4 |  4.0
Maces & Flails | 1 2 3 4 |  4.0
Polearms       | 1 2 3 4 |  4.0
Staves         | 1 2 3 4 |  4.0
Ranged Weapons | 1 2 3 4 |  4.0
Throwing       | 1 2 3 4 |  4.0
Armour         | 1 2 3 4 |  4.0
Stealth        | 1 2 3 4 |  4.0
Shields        | 1 2 3 4 |  4.0
Unarmed Combat | 1 2 3 4 |  4.0
Evocations     | 1 2 3 4 |  4.0
Shapeshifting  | 1 2 3 |  3.6
Hexes          | 1 2 3 |  3.2
Summonings     | 1 2 3 |  3.2
Necromancy     | 1 2 3 |  3.2
Translocations | 1 2 3 |  3.2
Fire Magic     | 1 2 3 |  3.2
Ice Magic      | 1 2 3 |  3.2
Air Magic      | 1 2 3 |  3.2
Earth Magic    | 1 2 3 |  3.2
Alchemy        | 1 2 3 |  3.2
Fighting       | 5 6 |  6.1
Dodging        | 5 6 |  6.1
Long Blades    | 7 |  7.7
Conjurations   | 6 |  6.4

Action                     |  1- 3 |  4- 6 |  7- 9 || total
---------------------------+-------+-------+-------++-------
  Melee: Falchion          |   110 |   144 |   229 ||   483
         Bite              |    10 |    18 |    16 ||    44
         Staff             |       |       |     1 ||     1
  Throw: Dart              |     5 |     7 |     5 ||    17
         Boomerang         |       |       |     1 ||     1
   Cast: Momentum Strike   |     3 |    12 |    22 ||    37
         Hailstorm         |       |     1 |    14 ||    15
         Kiss of Death     |       |     1 |       ||     1
 Invoke: Light the Black T |       |       |     2 ||     2
  Evoke: Wand              |       |       |     4 ||     4
    Use: Scroll            |     2 |     2 |     2 ||     6
         Potion            |       |       |     1 ||     1
   Stab: Sleeping          |     1 |       |       ||     1
         Distracted        |       |       |     1 ||     1
 Armour: Leather armour    |    52 |    36 |       ||    88
         Ring mail         |       |    63 |   125 ||   188
  Dodge: Dodged            |    55 |    78 |   123 ||   256

Table legend: (Time is in decaauts)
 A = Elapsed time spent in this place.
 B = Non-inter-level travel time spent in this place.
 C = Inter-level travel time spent in this place.
 D = Time resting spent in this place.
 E = Time spent auto-exploring this place.
 F = Levels seen in this place.
 G = Mean time per level.
                   A        B        C        D        E       F      G
               +--------+--------+--------+--------+--------+-----+--------+
         Total |   6891 |   6435 |    456 |   1736 |   2101 |   8 |  861.4 |
       Dungeon |   6452 |   6036 |    416 |   1639 |   2101 |   6 | 1075.3 |
        Temple |     44 |      4 |     40 |      2 |      0 |   1 |   44.0 |
         Sewer |    393 |    393 |      0 |     95 |      0 |   1 |  393.0 |
               +--------+--------+--------+--------+--------+-----+--------+

Top non-repeatable levels by time:
     D:5: 1915 daAuts
     D:4: 1286 daAuts
     D:2: 1035 daAuts
     D:1: 1004 daAuts
     D:3: 979 daAuts
   Sewer: 393 daAuts
     D:6: 231 daAuts
  Temple: 44 daAuts
